AoeStats
← JV_kolop

Black Forest

505571570Analyzed
4v4 RM · 22d ago on Sep 10, 2026· 55m 31s· 8 players
Game mode
Random Map
Map size
Large (8 player)
Population
200
Speed
Normal
Resources
Standard
Victory
Conquest
Starting age
Dark Age
Ending age
Imperial Age
RankedLock teamsTeams togetherTeam positionsShared explorationLock speedFull tech treeHidden civsTurbo modeCheats
Victory
Defeat
🇺🇸 Byzantines · United States
930
+13
🇺🇸 Teutons · United States
892
+15
877
+16
🇺🇸 Persians · United States
803
+18
🇨🇦 Khmer · Canada
903
-17
🇨🇦 Italians · Canada
858
-15
🇲🇽 Wei · Mexico
856
-15
🇺🇸 Japanese · United States
852
-15
iD SharKy
0:43 Loom
12:46 Feudal Age
22:20 Castle Age
22:23 Double-Bit Axe
22:21 Horse Collar
25:04 Gold Mining
25:04 Stone Mining
25:40 Padded Archer Armor
25:30 Fletching
25:47 Scale Barding Armor
28:50 Pikeman
28:53 Elite Skirmisher
29:40 Thumb Ring
30:18 Leather Archer Armor
30:37 Bloodlines
29:59 Light Cavalry
31:08 Husbandry
32:35 Bodkin Arrow
32:34 Town Watch
35:14 Wheelbarrow
38:03 Imperial Age
36:09 Ballistics
38:15 Murder Holes
41:54 Chemistry
44:10 Town Patrol
44:30 Hand Cart
50:07 Ring Archer Armor
49:38 Bracer
50:01 Chain Barding Armor
TheDukeofWrenches
8:59 Loom
13:20 Feudal Age
17:12 Castle Age
14:58 Horse Collar
19:42 Wheelbarrow
19:09 Heavy Plow
18:57 Double-Bit Axe
19:16 Stone Mining
24:30 Bow Saw
25:04 Hand Cart
26:01 Gold Mining
34:06 Imperial Age
31:28 Treadmill Crane
31:59 Masonry
33:29 Ballistics
34:18 Scale Mail Armor
34:28 Forging
34:22 Pikeman
35:03 Squires
35:27 Conscription
36:21 Kataparuto
35:25 Elite Samurai
36:36 Siege Engineers
37:32 Chemistry
36:03 Halberdier
40:54 Murder Holes
41:17 Chain Mail Armor
41:37 Iron Casting
40:53 Fletching
41:03 Padded Archer Armor
legin9
1:40 Loom
12:27 Feudal Age
19:56 Castle Age
19:28 Double-Bit Axe
21:19 Gold Mining
21:43 Bow Saw
22:45 Horse Collar
33:10 Imperial Age
31:18 Wheelbarrow
30:30 Town Watch
31:24 Ballistics
31:30 Man-at-Arms
32:11 Stone Mining
32:59 Long Swordsman
33:27 Pikeman
34:00 Two-Handed Swordsman
37:16 Scale Mail Armor
37:33 Squires
38:09 Elite Skirmisher
39:05 Chain Mail Armor
40:32 Hand Cart
40:52 Forging
42:01 Champion
43:52 Chemistry
43:19 Thumb Ring
43:59 Heavy Plow
45:53 Padded Archer Armor
48:46 Fletching
49:11 Leather Archer Armor
JV_kolop
9:54 Feudal Age
16:37 Castle Age
18:44 Double-Bit Axe
26:06 Horse Collar
29:38 Bow Saw
30:26 Heavy Plow
35:30 Imperial Age
45:34 Town Watch
jcarroll10
14:03 Feudal Age
14:52 Loom
15:39 Double-Bit Axe
18:27 Castle Age
16:43 Horse Collar
20:27 Bow Saw
20:23 Heavy Plow
21:02 Wheelbarrow
27:54 Fervor
28:25 Caravan
31:50 Hand Cart
31:24 Town Watch
34:55 Imperial Age
33:24 Scale Barding Armor
33:29 Forging
34:06 Bloodlines
34:55 Chain Barding Armor
35:53 Iron Casting
36:01 Conscription
36:03 Ironclad
35:10 Cavalier
36:39 Paladin
39:41 Plate Barding Armor
42:13 Elite Teutonic Knight
45:29 Heavy Scorpion
47:05 Capped Ram
47:06 Onager
50:46 Arson
51:02 Squires
50:48 Gambesons
soon catch
1:08 Loom
11:29 Feudal Age
12:54 Horse Collar
13:01 Double-Bit Axe
15:05 Wheelbarrow
16:31 Gold Mining
22:30 Castle Age
25:07 Forging
24:59 Scale Mail Armor
26:01 Stone Mining
26:50 Gold Shaft Mining
26:21 Heavy Plow
26:45 Bow Saw
30:44 Treadmill Crane
31:27 Caravan
31:50 Elite Skirmisher
31:54 Pikeman
33:58 Hand Cart
34:39 Ballistics
37:49 Imperial Age
35:23 Murder Holes
35:46 Chain Mail Armor
36:38 Squires
36:48 Husbandry
37:56 Fortified Wall
39:47 Chemistry
38:55 Scale Barding Armor
39:05 Thumb Ring
38:24 Halberdier
38:35 Capped Ram
40:02 Conscription
39:42 Heavy Camel Rider
40:21 Fletching
40:52 Chain Barding Armor
41:34 Plate Mail Armor
41:41 Iron Casting
41:07 Bodkin Arrow
42:43 Bombard Tower
43:03 Stone Shaft Mining
42:40 Guilds
43:11 Hoardings
42:49 Logistica
42:12 Cavalier
42:47 Crossbowman
43:25 Paladin
43:28 Light Cavalry
44:28 Gambesons
44:30 Arson
47:38 Elite Cataphract
48:37 Bracer
48:38 Padded Archer Armor
49:38 Arbalester
49:48 Man-at-Arms
IlIlIIIlIl69
1:47 Loom
12:50 Feudal Age
13:15 Double-Bit Axe
13:12 Horse Collar
15:08 Wheelbarrow
15:12 Stone Mining
16:57 Fletching
20:26 Town Watch
21:46 Gold Mining
25:01 Castle Age
23:18 Scale Barding Armor
23:26 Forging
23:30 Bloodlines
25:55 Bow Saw
25:47 Heavy Plow
26:03 Bodkin Arrow
26:40 Hand Cart
29:54 Kamandaran
30:17 Caravan
32:53 Town Patrol
33:32 Iron Casting
33:24 Ballistics
34:44 Masonry
37:33 Imperial Age
35:27 Guard Tower
35:35 Crossbowman
36:21 Thumb Ring
36:19 Padded Archer Armor
38:19 Chain Barding Armor
38:34 Architecture
39:40 Chemistry
41:27 Two-Man Saw
41:27 Elite War Elephant
44:01 Leather Archer Armor
44:23 Plate Barding Armor
44:49 Blast Furnace
46:31 Ring Archer Armor
50:07 Crop Rotation
:::TIO NACHO ENGROSADOR:::
3:47 Loom
12:45 Feudal Age
13:10 Double-Bit Axe
13:10 Horse Collar
15:02 Man-at-Arms
15:46 Gold Mining
19:21 Stone Mining
22:12 Castle Age
21:27 Forging
22:10 Scale Mail Armor
22:59 Heavy Plow
23:13 Bow Saw
25:46 Iron Casting
25:21 Gambesons
32:12 Chain Mail Armor
35:59 Pikeman
39:53 Imperial Age
38:19 Wheelbarrow
37:52 Arson
39:51 Hand Cart
40:22 Heavy Scorpion
41:57 Elite Skirmisher
42:29 Town Watch
45:37 Padded Archer Armor
45:27 Fletching
46:38 Blast Furnace
46:09 Plate Mail Armor
47:59 Chemistry
48:00 Town Patrol
48:20 Leather Archer Armor
48:09 Bodkin Arrow
47:50 Onager
52:35 Ring Archer Armor
52:27 Ballistics
54:29 Elite Woad Raider
Connection lost

Rejoining the realm…

Still unreachable

The connection could not be restored.

Session expired

The server has moved on; the page needs a fresh start.